Workbook

Sheet 利润测算表
A1: 创享供应链7月22日订单台账
A2: 订单日期 | B2: 产品名称 | C2: 供货单位 | D2: 采购数量 | E2: 采购金额 | F2: 销售单位 | G2: 销售数量 | H2: 销售金额 | I2: 毛利润 | J2: 毛利率
A3: =重庆飞鲟对账单!C3 -> 45129 | B3: 猪白条 | C3: 重庆山海飞鲟贸易有限公司 | D3: =重庆飞鲟对账单!G18 -> 615 | E3: =重庆飞鲟对账单!J18 -> 902524.07 | F3: 北京二商肉类食品集团有限公司 | G3: =北京二商肉类食品集团有限公司!G19 -> 615 | H3: =北京二商肉类食品集团有限公司!J19 -> 908794.97 | I3: =H3-E3 -> 6270.8976 | J3: =I3/E3 -> 0.0069481777

Sheet 北京二商肉类食品集团有限公司
A1: 新疆创享供应链管理服务有限公司7月22日订单台账
A2: 采购单位：上海天玑中为实业发展有限公司 | G2: 供货单位：新疆创享供应链管理服务有限公司
A3: 序号 | B3: 订单日期 | C3: 入库日期 | D3: 商品信息 | E3: 规格型号 | F3: 单位 | G3: 数量（头） | H3: 重量 | I3: 采购单价 | J3: 结算金额 | K3: 运输车号 | L3: 备注
A4: 1 | B4: 45127 | C4: 45129 | D4: 猪白条 | E4: 一级 | F4: 公斤 | G4: 300 | H4: 25247.08 | I4: 17.44 | J4: =H4*I4 -> 440309.08 | K4: 晋BV3965 | L4: 北京新发地
A5: 2
A6: 3
A7: 4
A8: 5
A9: 6 | B9: 45127 | C9: 45129 | D9: 猪白条 | E9: 一级 | F9: 公斤 | G9: 83 | H9: 6874.6 | I9: 17.74 | J9: =H9*I9 -> 121955.4 | K9: 辽LB0796 | L9: 北京新发地
A10: 7 | B10: 45127 | C10: 45129 | D10: 猪白条 | E10: 三级 | F10: 公斤 | G10: 27 | H10: 2450.2 | I10: 17.34 | J10: =H10*I10 -> 42486.468
A11: 8 | B11: 45127 | C11: 45129 | D11: 猪白条 | E11: 优一 | F11: 公斤 | G11: 5 | H11: 361.8 | I11: 17.34 | J11: =H11*I11 -> 6273.612
A12: 9
A13: 10
A14: 11 | B14: 45127 | C14: 45129 | D14: 猪白条 | E14: 一级 | F14: 公斤 | G14: 50 | H14: 4266.2 | I14: 17.34 | J14: =H14*I14 -> 73975.908 | K14: 辽MV3516 | L14: 北京新发地
A15: 12 | B15: 45127 | C15: 45129 | D15: 猪白条 | E15: 二级 | F15: 公斤 | G15: 50 | H15: 4310 | I15: 17.34 | J15: =H15*I15 -> 74735.4
A16: 13 | B16: 45127 | C16: 45129 | D16: 猪白条 | E16: 三级 | F16: 公斤 | G16: 100 | H16: 8747.6 | I16: 17.04 | J16: =H16*I16 -> 149059.1
A17: 14
A18: 15
G19: =SUM(G4:G18) -> 615 | J19: =SUM(J4:J18) -> 908794.97

Sheet 重庆飞鲟对账单
A1: 新疆创享供应链管理服务有限公司7月22日采购订单台账
A2: 序号 | B2: 订单日期 | C2: 入库日期 | D2: 商品信息 | E2: 规格型号 | F2: 单位 | G2: 数量（头） | H2: 重量 | I2: 采购单价 | J2: 结算金额 | K2: 运输车号 | L2: 备注
A3: 1 | B3: 45127 | C3: 45129 | D3: 猪白条 | E3: 一级 | F3: 公斤 | G3: 300 | H3: 25247.08 | I3: 17.32 | J3: =H3*I3 -> 437279.43 | K3: 晋BV3965 | L3: 北京新发地
A4: 2
A5: 3
A6: 4
A7: 5
A8: 6 | B8: 45127 | C8: 45129 | D8: 猪白条 | E8: 一级 | F8: 公斤 | G8: 83 | H8: 6874.6 | I8: 17.62 | J8: =H8*I8 -> 121130.45 | K8: 辽LB0796 | L8: 北京新发地
A9: 7 | B9: 45127 | C9: 45129 | D9: 猪白条 | E9: 三级 | F9: 公斤 | G9: 27 | H9: 2450.2 | I9: 17.22 | J9: =H9*I9 -> 42192.444
A10: 8 | B10: 45127 | C10: 45129 | D10: 猪白条 | E10: 优一 | F10: 公斤 | G10: 5 | H10: 361.8 | I10: 17.22 | J10: =H10*I10 -> 6230.196
A11: 9
A12: 10
A13: 11 | B13: 45127 | C13: 45129 | D13: 猪白条 | E13: 一级 | F13: 公斤 | G13: 50 | H13: 4266.2 | I13: 17.22 | J13: =H13*I13 -> 73463.964 | K13: 辽MV3516 | L13: 北京新发地
A14: 12 | B14: 45127 | C14: 45129 | D14: 猪白条 | E14: 二级 | F14: 公斤 | G14: 50 | H14: 4310 | I14: 17.22 | J14: =H14*I14 -> 74218.2
A15: 13 | B15: 45127 | C15: 45129 | D15: 猪白条 | E15: 三级 | F15: 公斤 | G15: 100 | H15: 8747.6 | I15: 16.92 | J15: =H15*I15 -> 148009.39
A16: 14
A17: 15
G18: =SUM(G3:G17) -> 615 | J18: =SUM(J3:J17) -> 902524.07
